 Dungeon Crawl Stone Soup version 0.24-a0-809-g71cb82dfb8 (webtiles) character file.

Game seed: 14947352122979550661, levelgen mode: deterministic

149 Arixos the Skirmisher (level 5, -11/43 HPs)
             Began as a Mummy Monk on Oct 11, 2019.
             Killed by divine providence
             ... invoked by an orc priest
              (12 damage)
             ... on level 3 of the Dungeon.
             The game lasted 00:09:53 (3139 turns).

Arixos the Skirmisher (Mummy Monk)                  Turns: 3139, Time: 00:09:53

Health: -11/43     AC:  8    Str: 16    XL:     5   Next: 9%
Magic:  5/5        EV: 11    Int:  9    God:
Gold:   123        SH:  0    Dex: 14    Spells: 4/4 levels left

rFire    x . .     SeeInvis .   a - +0 spear
rCold    + . .     Gourm    .   (no shield)
rNeg     + + +     Faith    .   f - +0 ring mail
rPois    ∞         Spirit   .   h - +2 helmet
rElec    .         Reflect  .   (no cloak)
rCorr    .         Harm     .   (no gloves)
MR       .....                  (no boots)
Stlth    +.........             (no amulet)
HPRegen  0.14/turn              (no ring)
MPRegen  0.09/turn              (no ring)

@: no status effects
A: no food or potions, fire vulnerability, cold resistance 1, negative energy
resistance 3, torment resistance, unbreathing
a: no special abilities


You were on level 3 of the Dungeon.
You were not hungry.

You visited 1 branch of the dungeon, and saw 3 of its levels.

You collected 123 gold pieces.

Inventory:

Hand Weapons
 a - a +0 spear (weapon)
Armour
 f - a +0 ring mail (worn)
 h - a +2 helmet (worn)
Jewellery
 i - an uncursed ring of protection from fire
Scrolls
 b - 5 scrolls of remove curse {unknown}
 c - a scroll of enchant armour {unknown}
 d - 2 scrolls of identify {unknown}
 e - 3 scrolls of teleportation {unknown}
 g - a scroll of random uselessness {unknown}
 j - a scroll of amnesia {unknown}


   Skills:
 + Level 4.6 Fighting
 - Level 2.4 Polearms
 + Level 2.5 Armour
 - Level 2.4 Dodging
 - Level 1.5 Stealth


You had 4 spell levels left.
You didn't know any spells.
Your spell library was empty.

Dungeon Overview and Level Annotations

Branches:
Dungeon (3/15)

Altars:
Xom


Innate Abilities, Weirdness & Mutations

You do not eat or drink.
Your flesh is vulnerable to fire.
You are immune to poison.
Your flesh is cold resistant. (rC+)
You are immune to negative energy. (rN+++)
You are immune to unholy pain and torment.
You can survive without breathing.


Message History

You closely miss the adder.
The adder is lightly wounded.
The adder barely misses you.
The orc priest looks braver for a moment.
You miss the adder.
The adder is lightly wounded.
The adder misses you.
The orc priest calls down the wrath of Beogh upon you.
Beogh smites you!
* * * LOW HITPOINT WARNING * * *
You hear a shout!
You closely miss the adder.
The adder is lightly wounded.
The adder bites you.
* * * LOW HITPOINT WARNING * * *
An orc comes into view. It is wielding a +0 war axe.
The adder closely misses you.
The orc priest calls down the wrath of Beogh upon you.
Beogh smites you!
You die...

## #..$. #.# #.... #.# #..[.
#.# ###..[.#### #.#
..........################.##
............).............>..
.............................
###.####..l####.##########...
....o....oS@##.# #.## #
.####...#)##.# #†#
#...#.##.#### ####.##
##..#.......# #.†....
#..####.#### #.##.#.
#.(..†..# #.##.#. #.......#
#.##.#. ##..###.# #.##...
#..# #.# #......


You could see an orc priest, an adder, an orc and a leopard gecko.

Vanquished Creatures
  Robin (D:2)
  3 adders
  2 oozes (D:1)
  2 worms
  4 leopard geckos
  5 orcs (D:3)
  3 giant cockroaches (D:2)
  24 goblins
  12 hobgoblins
  A quokka (D:2)
  4 bats
  4 frilled lizards
  9 kobolds
  8 rats
82 creatures vanquished.

Notes
Turn   | Place    | Note
-------+----------+-------------------------------------------
     0 | D:1      | Arixos the Mummy Monk began the quest for the Orb.
     0 | D:1      | Reached XP level 1. HP: 18/18 MP: 1/1
   162 | D:1      | Reached XP level 2. HP: 15/24 MP: 2/2
   309 | D:1      | Reached skill level 1 in Armour
   438 | D:1      | You fall into a shaft and drop 1 floor!
   528 | D:2      | Reached XP level 3. HP: 30/30 MP: 3/3
   808 | D:2      | Reached skill level 4 in Fighting
  1176 | D:2      | Reached XP level 4. HP: 37/37 MP: 4/4
  1393 | D:2      | Noticed Robin
  1673 | D:2      | Killed Robin
  2629 | D:2      | Found a shimmering altar of Xom.
  2851 | D:3      | Reached XP level 5. HP: 42/43 MP: 5/5
  3139 | D:3      | HP: 1/43 [adder (2)]
  3139 | D:3      | Killed from afar by an orc priest

Levels and vault maps discovered:
D:1:      roderic_crop_circles_arrival_small, layout_basic,
          minmay_misc_feat_five
D:2:      layout_basic, serial_glass, glass_columns_a, glass_columns_a,
          glass_columns_b, glass_columns_a, glass_columns_a, glass_columns_a,
          glass_columns_b, glass_columns_c, glass_columns_c, glass_columns_b,
          glass_columns_a, glass_columns_a, glass_columns_a, glass_columns_c,
          tgw_xom, uniq_robin
D:3:      layout_basic

Skill      XL: |  1  2  3  4 |
---------------+-------------+-----
Armour         | 1 2 |  2.5
Fighting       | 4 |  4.6
Polearms       | |  2.4
Dodging        | |  2.4
Stealth        | |  1.5

Action                   |  1- 3 |  4- 6 || total
-------------------------+-------+-------++-------
Melee: Spear             |   160 |   187 ||   347
 Stab: Sleeping          |     2 |     1 ||     3
Armor: Robe              |     1 |       ||     1
       Leather armour    |     1 |       ||     1
       Ring mail         |    17 |    59 ||    76
Dodge: Dodged            |    63 |    87 ||   150

Table legend:
 A = Non-vault XP
 B = Vault XP
 C = Vault XP percentage of total XP
 D = Non-vault monster count
 E = Vault monster count
 F = Vault count percentage of total count
                 A         B        C        D         E       F
            +---------+---------+-------+---------+---------+-------
      Total |     157 |      56 |  26.3 |      64 |      18 |  22.0
            +---------+---------+-------+---------+---------+-------
        D:1 |      47 |       2 |   4.1 |      23 |       1 |   4.2
        D:2 |      61 |      54 |  47.0 |      24 |      17 |  41.5
        D:3 |      49 |       0 |   0.0 |      17 |       0 |   0.0
            +---------+---------+-------+---------+---------+-------
